 Dungeon Crawl Stone Soup version 0.30-a0-782-ge64f9170bb (webtiles) character file.

Game seed: 17802126586071206757

1545 IndexError the Skirmisher (level 8, -5/53 HPs)
             Began as a Gargoyle Hunter on Mar 2, 2023.
             Slain by an orc warrior
             ... wielding a +0 battleaxe
              (8 damage)
             ... on level 5 of the Dungeon.
             The game lasted 00:32:25 (5270 turns).

IndexError the Skirmisher (Gargoyle Hunter)         Turns: 5270, Time: 00:32:25

Health: -5/53      AC: 15    Str: 15    XL:     8   Next: 87%
Magic:  8/8        EV: 11    Int: 10    God:
Gold:   507        SH:  0    Dex: 15    Spells: 7/7 levels left

rFire   + . .      SeeInvis .    l - +1 sling (freeze)
rCold   . . .      Faith    .    (no shield)
rNeg    + . .      Spirit   .    r - +2 ring mail {rF+}
rPois   ∞          Reflect  .    j - +1 helmet
rElec   +          Harm     .    y - +0 cloak
rCorr   .          Rampage  .    (no gloves)
Will    .....                    (no boots)
Stlth   +                        (no amulet)
HPRegen 0.28/turn                (no ring)
MPRegen 0.11/turn                (no ring)

@: no status effects
A: sickness immunity, AC +5, negative energy resistance 1, electricity
resistance, torment resistance 1, petrification resistance
a: no special abilities


You were on level 5 of the Dungeon.
You visited 1 branch of the dungeon, and saw 6 of its levels.

You collected 507 gold pieces.

Inventory:

Hand Weapons
 a - a +0 shortbow
 l - a +1 sling of freezing (weapon)
   (You found it on level 1 of the Dungeon)
 z - the +8 spear "Yhecugaj" {elec, rN+}
   (You found it on level 3 of the Dungeon)

   rN:        It protects you from negative energy.
 B - the +8 dagger "Cofimp" {drain, rF- rC+ Int+10 Dex+3}
   (You found it on level 3 of the Dungeon)

   Int:       It affects your intelligence (+10).
   Dex:       It affects your dexterity (+3).
   rF:        It makes you vulnerable to fire.
   rC:        It protects you from cold.
Missiles
 o - a throwing net {=f, !d}
Armour
 j - a +1 helmet (worn)
   (You found it on level 5 of the Dungeon)
 r - a +2 ring mail of fire resistance (worn)
   (You found it on level 6 of the Dungeon)
 y - a +0 cloak (worn)
   (You found it on level 3 of the Dungeon)
Magical Staves
 c - a staff of fire {rF+}
   (You found it on level 4 of the Dungeon)
Wands
 s - a wand of polymorph (6)
   (You took it off Sigmund on level 2 of the Dungeon)
 u - a wand of roots (18)
   (You took it off Jessica on level 2 of the Dungeon)
Scrolls
 b - 2 scrolls of immolation {!r}
 g - 4 scrolls of blinking {unknown}
 k - 6 scrolls of identify {unknown}
 n - 2 scrolls of fog {unknown}
 w - 2 scrolls of poison {unknown}
 C - 5 scrolls of amnesia {unknown}
 D - 2 scrolls of vulnerability {unknown}
 E - 4 scrolls of teleportation {unknown}
 J - 2 scrolls of enchant weapon {unknown}
Potions
 d - 3 potions of curing {unknown}
 e - a potion of cancellation {unknown}
 f - 2 potions of flight {unknown}
 h - a potion of resistance {unknown}
 i - 2 potions of degeneration {unknown}
 m - a potion of might {unknown}
 p - a potion of attraction {unknown}
 q - a potion of berserk rage {unknown}
 v - 2 potions of lignification {unknown}
 A - 3 potions of heal wounds {unknown}
 H - 2 potions of invisibility {unknown}
 I - a potion of mutation {unknown}
 K - 2 potions of haste {unknown}


   Skills:
 + Level 7.1 Fighting
 * Level 9.7 Ranged Weapons
 - Level 1.5 Dodging
 - Level 1.1 Stealth


You had 7 spell levels left.
You didn't know any spells.
Your spell library contained the following spells:

 Spells                   Type           Power      Damage    Failure   Level
 Slow                     Hex            0%         N/A       58%         1
 Confusing Touch          Hex            0%         N/A       92%         3
 Vampiric Draining        Necr           0%         2d6       92%         3


Dungeon Overview and Level Annotations

Branches:
Dungeon (6/15)
 Temple: D:4-7

Altars:
Fedhas
Gozag
Kikubaaqudgha
Makhleb
Nemelex Xobeh
Uskayaw
Xom
Zin

Shops:
D:6 ?


Innate Abilities, Weirdness & Mutations

You are immune to sickness and miasma.
Your stone body is resilient. (AC +5)
You are immune to poison.
You resist negative energy. (rN+)
You are resistant to electric shocks. (rElec)
You are resistant to unholy torment.
You are immune to petrification.


Message History

The orc warrior hits you with a +0 battleaxe!
You take 7 damage, and have 25/53 hp.
Fire: l) +1 sling (freeze)
Press: ? - help, Q - select action, (/) - cycle Shift-Dir - straight line, f/p - orc warrior
Aim: an orc warrior, wielding a +0 battleaxe and wearing a +0 chain mail (heavily wounded, 62% to hit)
You shoot a sling bullet.
The sling bullet hits the orc warrior but does no damage.
The orc warrior barely misses you.
Fire: l) +1 sling (freeze)
Press: ? - help, Q - select action, (/) - cycle Shift-Dir - straight line, f/p - orc warrior
Aim: an orc warrior, wielding a +0 battleaxe and wearing a +0 chain mail (heavily wounded, 62% to hit)
You shoot a sling bullet.
The sling bullet barely misses the orc warrior.
The orc warrior barely misses you.
Fire: l) +1 sling (freeze)
Press: ? - help, Q - select action, (/) - cycle Shift-Dir - straight line, f/p - orc warrior
Aim: an orc warrior, wielding a +0 battleaxe and wearing a +0 chain mail (heavily wounded, 62% to hit)
You shoot a sling bullet.
The sling bullet hits the orc warrior but does no damage.
The orc warrior hits you with a +0 battleaxe.
You take 4 damage, and have 22/53 hp.
Fire: l) +1 sling (freeze)
Press: ? - help, Q - select action, (/) - cycle Shift-Dir - straight line, f/p - orc warrior
Aim: an orc warrior, wielding a +0 battleaxe and wearing a +0 chain mail (heavily wounded, 62% to hit)
You shoot a sling bullet. The sling bullet hits the orc warrior.
The sling bullet freezes the orc warrior.
The orc warrior misses you.
Fire: l) +1 sling (freeze)
Press: ? - help, Q - select action, (/) - cycle Shift-Dir - straight line, f/p - orc warrior
Aim: an orc warrior, wielding a +0 battleaxe and wearing a +0 chain mail (heavily wounded, 62% to hit)
You shoot a sling bullet. The sling bullet hits the orc warrior.
The sling bullet freezes the orc warrior.
The orc warrior hits you with a +0 battleaxe.
Fire: l) +1 sling (freeze)
Press: ? - help, Q - select action, (/) - cycle Shift-Dir - straight line, f/p - orc warrior
Aim: an orc warrior, wielding a +0 battleaxe and wearing a +0 chain mail (severely wounded, 62% to hit)
You shoot a sling bullet.
The sling bullet hits the orc warrior but does no damage.
The orc warrior hits you with a +0 battleaxe!
* * * LOW HITPOINT WARNING * * *
You take 7 damage, and have 15/53 hp.
Fire: l) +1 sling (freeze)
Press: ? - help, Q - select action, (/) - cycle Shift-Dir - straight line, f/p - orc warrior
Aim: an orc warrior, wielding a +0 battleaxe and wearing a +0 chain mail (severely wounded, 62% to hit)
You shoot a sling bullet.
The sling bullet hits the orc warrior but does no damage.
The orc warrior closely misses you.
Fire: l) +1 sling (freeze)
Press: ? - help, Q - select action, (/) - cycle Shift-Dir - straight line, f/p - orc warrior
Aim: an orc warrior, wielding a +0 battleaxe and wearing a +0 chain mail (severely wounded, 62% to hit)
You shoot a sling bullet.
The sling bullet closely misses the orc warrior.
The orc warrior hits you with a +0 battleaxe.
* * * LOW HITPOINT WARNING * * *
You take 1 damage, and have 14/53 hp.
Fire: l) +1 sling (freeze)
Press: ? - help, Q - select action, (/) - cycle Shift-Dir - straight line, f/p - orc warrior
Aim: an orc warrior, wielding a +0 battleaxe and wearing a +0 chain mail (severely wounded, 62% to hit)
You shoot a sling bullet.
The sling bullet hits the orc warrior but does no damage.
The orc warrior barely misses you.
Fire: l) +1 sling (freeze)
Press: ? - help, Q - select action, (/) - cycle Shift-Dir - straight line, f/p - orc warrior
Aim: an orc warrior, wielding a +0 battleaxe and wearing a +0 chain mail (severely wounded, 62% to hit)
You shoot a sling bullet. The sling bullet hits the orc warrior.
The sling bullet freezes the orc warrior.
The orc warrior misses you.
Fire: l) +1 sling (freeze)
Press: ? - help, Q - select action, (/) - cycle Shift-Dir - straight line, f/p - orc warrior
Aim: an orc warrior, wielding a +0 battleaxe and wearing a +0 chain mail (almost dead, 62% to hit)
You shoot a sling bullet.
The sling bullet hits the orc warrior but does no damage.
The orc warrior hits you with a +0 battleaxe!
* * * LOW HITPOINT WARNING * * *
You take 13 damage, and have 2/53 hp.
MASSIVE DAMAGE!!
Fire: l) +1 sling (freeze)
Press: ? - help, Q - select action, (/) - cycle Shift-Dir - straight line, f/p - orc warrior
Aim: an orc warrior, wielding a +0 battleaxe and wearing a +0 chain mail (almost dead, 62% to hit)
You shoot a sling bullet.
The sling bullet hits the orc warrior but does no damage.
The orc warrior misses you.
Fire: l) +1 sling (freeze)
Press: ? - help, Q - select action, (/) - cycle Shift-Dir - straight line, f/p - orc warrior
Aim: an orc warrior, wielding a +0 battleaxe and wearing a +0 chain mail (almost dead, 62% to hit)
You shoot a sling bullet.
The sling bullet barely misses the orc warrior.
The orc warrior barely misses you.
Fire: l) +1 sling (freeze)
Press: ? - help, Q - select action, (/) - cycle Shift-Dir - straight line, f/p - orc warrior
Aim: an orc warrior, wielding a +0 battleaxe and wearing a +0 chain mail (almost dead, 62% to hit)
You shoot a sling bullet.
The sling bullet barely misses the orc warrior.
The orc warrior hits you but does no damage.
Fire: l) +1 sling (freeze)
Press: ? - help, Q - select action, (/) - cycle Shift-Dir - straight line, f/p - orc warrior
Aim: an orc warrior, wielding a +0 battleaxe and wearing a +0 chain mail (almost dead, 62% to hit)
You shoot a sling bullet.
The sling bullet barely misses the orc warrior.
The orc warrior hits you with a +0 battleaxe!
You die...

#.##....#.#
#.###.#.#.####
#............#
....#.#.O....#
..#.#...##...#
..#.###.#<#.## #######
..#.# #.#.#.# #.....#
..#.###.#.#.######.###.#
...............o@#.# #.#
##......##.....#.#.# #.#
#......##.....#...###.#
#.......|.............#
#.....###.....#.#######
##......##.....#.#
....)...##.....#.#
........########.#
.)...........# #.#


You could see an orc warrior.

Vanquished Creatures
  Prince Ribbit (D:6)
  Sigmund (D:2)
  An ice beast (D:6)
  A black bear (D:5)
  An ogre (D:5)
  A phantom (D:4)
  A bullfrog (D:6)
  2 scorpions
  3 vampire bats (D:5)
  A howler monkey (D:6)
  3 hounds
  3 jellies
  2 orc priests
  Jessica (D:2)
  An iguana (D:4)
  2 orc wizards
  5 adders
  3 gnolls (D:6)
  An ufetubus (D:5)
  2 worms (D:2)
  2 dart slugs
  7 orcs
  4 bat skeletons (D:5)
  2 bat zombies (D:5)
  5 endoplasms
  A giant cockroach (D:4)
  6 goblins
  2 hobgoblins
  A jackal (D:6)
  4 kobolds
  5 quokkas
  5 ball pythons
  10 bats
  4 frilled lizards
  3 rats
  A butterfly (D:6)
98 creatures vanquished.

Vanquished Creatures (others)
  3 toadstools (D:2)
3 creatures vanquished.

Grand Total: 101 creatures vanquished

Notes
Turn   | Place    | Note
-------+----------+-------------------------------------------
     0 | D:1      | IndexError the Gargoyle Hunter began the quest for the Orb.
     0 | D:1      | Reached XP level 1. HP: 12/12 MP: 1/1
    93 | D:1      | Reached XP level 2. HP: 18/18 MP: 2/2
   508 | D:1      | Reached XP level 3. HP: 22/22 MP: 3/3
  1243 | D:2      | Noticed Sigmund
  1261 | D:2      | Killed Sigmund
  1262 | D:2      | Reached skill level 4 in Fighting
  1262 | D:2      | Reached skill level 6 in Ranged Weapons
  1262 | D:2      | Reached XP level 4. HP: 29/29 MP: 4/4
  1262 | D:2      | Reached XP level 5. HP: 33/33 MP: 5/5
  1356 | D:2      | Noticed Jessica
  1367 | D:2      | Killed Jessica
  1368 | D:2      | Reached XP level 6. HP: 25/38 MP: 6/6
  1854 | D:3      | Identified the +8 spear "Yhecugaj" {elec, rN+}
  2114 | D:3      | Identified the +8 dagger "Cofimp" {drain, rF- rC+ Int+10
                  | Dex+3}
  2205 | D:3      | Found a burning altar of Makhleb.
  2228 | D:3      | Found a blossoming altar of Fedhas.
  3019 | D:4      | Reached skill level 7 in Ranged Weapons
  3019 | D:4      | Reached XP level 7. HP: 38/44 MP: 7/7
  3045 | D:4      | Found a hide-covered altar of Uskayaw.
  3047 | D:4      | Found an opulent altar of Gozag.
  3257 | D:5      | Entered Level 5 of the Dungeon
  3273 | D:4      | Reached skill level 5 in Fighting
  3919 | D:5      | Found an ancient bone altar of Kikubaaqudgha.
  3928 | D:5      | Reached skill level 8 in Ranged Weapons
  3936 | D:5      | Reached XP level 8. HP: 51/51 MP: 8/8
  4011 | D:5      | Reached skill level 6 in Fighting
  4240 | D:6      | Found a sparkling altar of Nemelex Xobeh.
  4271 | D:6      | Noticed Edmund
  4375 | D:6      | Found Etymill's Magic Scroll Boutique.
  4404 | D:6      | Edmund changed into Edmund the jackal
  4404 | D:6      | Noticed Edmund
  4410 | D:6      | Killed Edmund the jackal
  4555 | D:6      | Noticed an angel
  4556 | D:6      | Found a shimmering altar of Xom.
  4561 | D:6      | Found a glowing silver altar of Zin.
  4592 | D:6      | Reached skill level 9 in Ranged Weapons
  4877 | D:6      | Noticed Prince Ribbit
  4923 | D:6      | Killed Prince Ribbit
  4924 | D:6      | Reached skill level 7 in Fighting
  5266 | D:5      | HP: 2/53 [orc warrior/+0 battleaxe (13)]
  5270 | D:5      | Slain by an orc warrior

Illustrated notes

Levels and vault maps discovered:
D:1:      sevenhm_arrival_forest_fort_large_4, layout_basic
D:2:      layout_basic, st_stairs_10, minmay_gold_behind_fungi, uniq_jessica,
          uniq_sigmund
D:3:      layout_basic, mainiacjoe_overflow_chevrons, fedhas_ov_isle_minmay,
          minivault_14, corexii_hall_statues_i
D:4:      layout_rooms, jmf_multi_god_temple
D:5:      layout_basic, kennysheep_vampire_church
D:6:      layout_layer_cave, grunt_temple_overflow_order_and_chaos_1,
          lemuel_crystal_altar, lemuel_round_altar,
          minmay_temple_entry_butterflies, serial_shops, kennysheep_mini_moat,
          nicolae_stop_n_shop_1, uniq_crazy_yiuf_cottage, uniq_maggie,
          uniq_edmund, uniq_prince_ribbit1

Skill      XL: |  1  2  3  4  5  6  7  8 |
---------------+-------------------------+-----
Fighting       | 4 5 7 |  7.1
Ranged Weapons | 6 7 8 9 |  9.7
Dodging        | |  1.5
Stealth        | |  1.1

Action                     |  1- 3 |  4- 6 |  7- 9 || total
---------------------------+-------+-------+-------++-------
  Melee: Spear             |       |    17 |       ||    17
   Fire: Shortbow          |    30 |       |       ||    30
         Sling             |    52 |    69 |   281 ||   402
  Evoke: Wand              |       |       |     2 ||     2
   Stab: Sleeping          |       |     2 |       ||     2
 Armour: Leather armour    |     9 |     9 |       ||    18
         Skin              |     5 |       |       ||     5
         Ring mail         |       |    23 |   146 ||   169
  Dodge: Dodged            |    13 |    23 |   144 ||   180

Table legend: (Time is in decaauts)
 A = Elapsed time spent in this place.
 B = Non-inter-level travel time spent in this place.
 C = Inter-level travel time spent in this place.
 D = Time resting spent in this place.
 E = Time spent auto-exploring this place.
 F = Levels seen in this place.
 G = Mean time per level.
                   A        B        C        D        E       F      G
               +--------+--------+--------+--------+--------+-----+--------+
         Total |   5330 |   4869 |    461 |      0 |   3670 |   6 |  888.3 |
       Dungeon |   5330 |   4869 |    461 |      0 |   3670 |   6 |  888.3 |
               +--------+--------+--------+--------+--------+-----+--------+

Top non-repeatable levels by time:
     D:1: 1113 daAuts
     D:4: 1085 daAuts
     D:5: 955 daAuts
     D:6: 825 daAuts
     D:2: 696 daAuts
     D:3: 653 daAuts

Table legend:
 A = Kills in this place as a percentage of kills in entire the game.
 B = Kills by you in this place as a percentage of kills by you in the entire game.
 C = Kills by friends in this place as a percentage of kills by friends in the entire game.
 D = Other kills in this place as a percentage of other kills in the entire game.
 E = Experience gained in this place as a percentage of experience gained in the entire game.
 F = Experience gained in this place divided by the number of levels of this place that you have seen.
                   A       B       C       D       E      F
               +-------+-------+-------+-------+-------+----------------------
         Total | 100.0 | 100.0 |   N/A |   N/A | 100.0 | 368.0
       Dungeon | 100.0 | 100.0 |   N/A |   N/A | 100.0 | 368.0
               +-------+-------+-------+-------+-------+----------------------
